AoeStats
← EL GRAN CAPITÁN

Nomad

509600116Analyzed
2v2 RM · 6d ago on Sep 27, 2026· 42m 0s· 4 players
Game mode
Random Map
Map size
176×176
Population
200
Speed
Normal
Resources
Standard
Victory
Conquest
Starting age
Dark Age
Ending age
Imperial Age
RankedLock teamsTeams togetherTeam positionsShared explorationLock speedFull tech treeHidden civsTurbo modeCheats
Victory
Defeat
🇳🇱 Franks · Netherlands
920
+15
🇳🇱 Vietnamese · Netherlands
913
+15
🇪🇸 Spanish · Spain
903
-15
🇸🇪 Vikings · Sweden
902
-15
paxo4
16:36 Feudal Age
20:17 Man-at-Arms
27:17 Scale Mail Armor
28:00 Fletching
29:38 Double-Bit Axe
30:42 Horse Collar
39:51 Castle Age
39:54 Pikeman
40:44 Heavy Plow
EL GRAN CAPITÁN
2:57 Loom
13:40 Feudal Age
15:02 Wheelbarrow
14:28 Town Watch
15:42 Fletching
16:33 Double-Bit Axe
18:27 Wheelbarrow
20:11 Arson
25:27 Forging
25:10 Man-at-Arms
27:19 Scale Mail Armor
32:37 Castle Age
Hedgehog
15:35 Feudal Age
15:57 Man-at-Arms
16:23 Arson
24:40 Castle Age
23:02 Scale Mail Armor
23:12 Forging
23:04 Horse Collar
23:11 Double-Bit Axe
23:18 Gold Mining
24:57 Scale Barding Armor
24:43 Fletching
26:14 Bloodlines
26:04 Husbandry
26:52 Crossbowman
27:37 Thumb Ring
27:23 Loom
27:52 Squires
36:20 Long Swordsman
37:54 Bow Saw
38:21 Wheelbarrow
41:57 Imperial Age
40:25 Chatras
40:39 Bodkin Arrow
40:45 Padded Archer Armor
42:28 Stone Mining
The Ultimate Noep
7:01 Loom
14:34 Feudal Age
15:04 Double-Bit Axe
19:25 Man-at-Arms
21:09 Scale Barding Armor
26:57 Castle Age
31:10 Forging
32:56 Caravan
37:33 Bow Saw
42:20 Husbandry
42:58 Iron Casting
Connection lost

Rejoining the realm…

Still unreachable

The connection could not be restored.

Session expired

The server has moved on; the page needs a fresh start.